[Event "ICCopen2016"]
[Site "Internet Chess Club"]
[Date "2016.06.03"]
[Round "11"]
[White "panom"]
[Black "Rude-Dude"]
[Result "1-0"]
[ICCResult "Black checkmated"]
[WhiteElo "1609"]
[BlackElo "1312"]
[Opening "Robatsch defense"]
[ECO "B06"]
[NIC "KF.05"]
[Time "20:59:11"]
[TimeControl "180+0"]

1. e4 g6 2. d4 Bg7 3. Nc3 e6 4. Nf3 Ne7 5. Be3 O-O 6. Qd2 d5 7. e5 Nf5 8. g4
Nxe3 9. fxe3 f6 10. exf6 Qxf6 11. Be2 Bh6 12. O-O-O Bg7 13. Rdf1 Qe7 14. h4
h6 15. g5 h5 16. Qd3 Qe8 17. Ne5 Bxe5 18. dxe5 Nc6 19. Rxf8+ Qxf8 20. Qxg6+
Qg7 21. Qxg7+ Kxg7 22. Bxh5 Nxe5 23. Rf1 Bd7 24. e4 d4 25. Ne2 c5 26. b4 b6
27. bxc5 bxc5 28. Kd2 Rf8 29. Rxf8 Kxf8 30. Nf4 Kg7 31. c3 Nc4+ 32. Kd3 Nb2+
33. Kc2 Na4 34. cxd4 cxd4 35. Kd3 e5 36. Nd5 Bb5+ 37. Kd2 Nb2 38. Be2 d3 39.
Bf1 Kg6 40. Ne7+ Kf7 41. Nf5 Kg6 42. Ne7+ Kf7 43. Nf5 Kg6 44. Ng3 a5 45. Bh3
Nc4+ 46. Kxd3 Nd6+ 47. Ke3 Nc4+ 48. Kf2 Nd2 49. Bf5+ Kg7 50. h5 Nc4 51. h6+
Kh8 52. g6 Nd6 53. g7+ Kg8 54. Nh5 Nxf5 55. exf5 Be8 56. Nf6+ Kf7 57. Nxe8
Kxe8 58. g8=Q+ Ke7 59. h7 e4 60. h8=Q Kd6 61. Ke3 a4 62. Qd4+ Kc6 63. Qgd5+
Kc7 64. Q4c5+ Kb8 65. Qdd6+ Kb7 66. Qdb6+ Ka8 67. Qca5# {Black checkmated}
1-0

[Event "ICCopen2016"]
[Site "Internet Chess Club"]
[Date "2016.06.03"]
[Round "11"]
[White "talbagels2"]
[Black "DoctorWho"]
[Result "1-0"]
[ICCResult "Black forfeits on time"]
[WhiteElo "1728"]
[BlackElo "1991"]
[Opening "Sicilian: dragon, Levenfish variation"]
[ECO "B71"]
[NIC "SI.15"]
[Time "20:59:23"]
[TimeControl "180+0"]

1. e4 c5 2. Nf3 d6 3. d4 cxd4 4. Nxd4 Nf6 5. Nc3 g6 6. f4 Bg7 7. e5 Nh5 8.
Bb5+ Bd7 9. e6 Bxb5 10. exf7+ Kxf7 11. Ndxb5 Nc6 12. O-O a6 13. Na3 Nf6 14.
f5 Rf8 15. fxg6+ hxg6 16. Nd5 Kg8 17. Nc4 b5 18. Nce3 Qd7 19. Qd3 Ne5 20.
Nxf6+ Rxf6 21. Qd5+ Kh7 22. Qxa8 Rxf1+ 23. Nxf1 Nc6 24. Be3 Nb4 25. Qe4 Nc6
26. c3 d5 27. Qh4+ Kg8 28. Rd1 e6 29. Bg5 Qf7 30. Ne3 Ne7 31. Rf1 Nf5 32.
Nxf5 exf5 33. Re1 Qa7+ 34. Be3 Qd7 35. Bd4 Bxd4+ 36. Qxd4 Qg7 37. Qxd5+ Kh7
38. Qd6 Qg8 39. Re7+ Kh6 40. Qf4+ g5 41. Qxf5 b4 42. Re6+ Kg7 43. Rg6+
{Black forfeits on time}
1-0

[Event "ICCopen2016"]
[Site "Internet Chess Club"]
[Date "2016.06.03"]
[Round "11"]
[White "skippykid"]
[Black "minmax"]
[Result "1-0"]
[ICCResult "Black resigns"]
[WhiteElo "2306"]
[BlackElo "2037"]
[Opening "French: King's Indian attack"]
[ECO "C00"]
[NIC "FR.02"]
[Time "20:59:42"]
[TimeControl "180+0"]

1. e4 e6 2. d3 d5 3. Qe2 Nf6 4. Nf3 Be7 5. g3 c5 6. Bg2 Nc6 7. O-O O-O 8. b3
b6 9. Bb2 Bb7 10. Re1 Rc8 11. h4 Qc7 12. e5 Nd7 13. Nbd2 Rce8 14. a4 f6 15.
Nf1 fxe5 16. Nxe5 Ndxe5 17. Bxe5 Nxe5 18. Qxe5 Qxe5 19. Rxe5 Bf6 20. Rae1
Bxe5 21. Rxe5 Rf5 22. Re2 Rf6 23. c4 Ref8 24. Ne3 Rd8 25. Ng4 Rg6 26. Ne5
Rf6 27. Ng4 Rff8 28. Rxe6 Bc8 29. Bxd5 Bxe6 30. Bxe6+ Kh8 31. Ne5 h6 32.
Ng6+ Kh7 33. Nxf8+ Rxf8 34. Bd5 Re8 35. Kf1 Re5 36. f4 Re3 37. Kf2 Re7 38.
Kf3 Kg6 39. g4 Kf6 40. g5+ hxg5 41. hxg5+ Kf5 42. Be4+ Ke6 43. Kg4 Kd6 44.
Kh5 Ke6 45. Kg6 Rc7 46. f5+ Ke5 47. f6 gxf6 48. gxf6 Ke6 49. Bd5+ Kd6 50. f7
Ke7 51. Kf5 Rc8 52. Ke5 Rh8 53. Ke4 Rh4+ 54. Ke3 Rh3+ 55. Kd2 Rh4 56. Kc3
Rd4 57. Kc2 Rh4 58. Kd2 Rh2+ 59. Kc3 Rh3 60. Kc2 Rh2+ 61. Kd1 Rh3 62. Ke2
Rh2+ 63. Ke3 Rb2 64. d4 Rxb3+ 65. Ke4 cxd4 66. Kxd4 Rb4 67. Bc6 Kxf7 68. Kc3
Ke7 69. Kxb4 Kd6 70. Bg2 Kc7 71. Kb5 Kb8 72. Ka6 Kc7 73. Kxa7 Kd6 74. Kxb6
{Black resigns}
1-0

[Event "ICCopen2016"]
[Site "Internet Chess Club"]
[Date "2016.06.03"]
[Round "11"]
[White "tangent"]
[Black "tenho"]
[Result "0-1"]
[ICCResult "White forfeits on time"]
[WhiteElo "1908"]
[BlackElo "1811"]
[Opening "Robatsch defense"]
[ECO "A40"]
[NIC "KF.05"]
[Time "20:59:41"]
[TimeControl "180+0"]

1. d4 g6 2. e4 Bg7 3. Nc3 c5 4. d5 a6 5. a4 d6 6. f4 e6 7. Bc4 Ne7 8. Nf3
O-O 9. Be3 exd5 10. Nxd5 Nbc6 11. c3 Be6 12. O-O Bxd5 13. Bxd5 Nxd5 14. Qxd5
Qb6 15. Rf2 Rad8 16. Rc1 Ne7 17. Qd2 d5 18. e5 Nf5 19. b4 d4 20. cxd4 cxd4
21. Nxd4 Rxd4 22. Bxd4 Qxd4 23. Qxd4 Nxd4 24. Rc7 b5 25. a5 Rd8 26. Kf1 Bf8
27. Ra7 Bxb4 28. Rxa6 Nb3 29. Rb2 Nc5 30. Rc6 Ba3 31. Ra2 Rd3 32. a6 Nxa6
33. Rxa6 b4 34. Ke1 Rd4 35. g3 h5 36. Ke2 h4 37. Ke3 Rc4 38. Kd3 Rc3+ 39.
Kd4 hxg3 40. hxg3 Rxg3 41. Rc2 Rf3 42. Ke4 Rf1 43. Rc7 Bb2 44. Raa7 g5 45.
Rxf7 gxf4 46. e6 Re1+ 47. Kd5 Ra1 48. Rac7 Rd1+ 49. Kc6 Rc1+ 50. Kd7 Rxc7+
51. Kxc7 b3 52. Rd7 Be5+ 53. Kc6 b2 54. Rb7 Bf6 {White forfeits on time} 0-1

[Event "ICCopen2016"]
[Site "Internet Chess Club"]
[Date "2016.06.03"]
[Round "11"]
[White "claris"]
[Black "paulohaddad"]
[Result "1-0"]
[ICCResult "Black forfeits on time"]
[WhiteElo "1504"]
[BlackElo "1623"]
[Opening "Budapest: Rubinstein variation"]
[ECO "A52"]
[NIC "QG.01"]
[Time "20:59:31"]
[TimeControl "180+0"]

1. d4 Nf6 2. c4 e5 3. dxe5 Ng4 4. Bf4 g5 5. Bg3 Nc6 6. Nf3 Bg7 7. Qd5 Qe7 8.
Nc3 Ngxe5 9. Bxe5 Nxe5 10. Nxe5 Qxe5 11. e3 c6 12. Qd2 O-O 13. Bd3 d5 14.
O-O dxc4 15. Bxc4 Be6 16. Bd3 Rfd8 17. Qc2 h6 18. a3 Bd5 19. Nxd5 cxd5 20.
Rad1 Qxb2 21. Bh7+ Kh8 22. Qf5 Qf6 23. Qd3 Rac8 24. Bf5 Rc3 25. Qb1 b6 26.
a4 Qe5 27. Bd3 Rdc8 28. Bb5 R8c5 29. h3 Rc2 30. Bd3 Rb2 31. Qa1 Qc3 32. Qc1
Qxc1 33. Rxc1 Rxc1 34. Rxc1 Be5 35. Rc8+ Kg7 36. g3 Ra2 37. Bb5 Ra1+ 38. Kg2
Kf6 39. Ra8 Bc3 40. Rxa7 Ra2 41. Be8 Rd2 42. Rxf7+ Ke6 43. Rh7 Re2 44. Rxh6+
Ke7 45. Bb5 Rb2 46. Re6+ {Black forfeits on time} 1-0

[Event "ICCopen2016"]
[Site "Internet Chess Club"]
[Date "2016.06.03"]
[Round "11"]
[White "KIEV-1"]
[Black "BrentMusburger"]
[Result "0-1"]
[ICCResult "White forfeits on time"]
[WhiteElo "2064"]
[BlackElo "2451"]
[Opening "Sicilian: Labourdonnais-Löwenthal variation"]
[ECO "B32"]
[NIC "SI.32"]
[Time "20:59:36"]
[TimeControl "180+0"]

1. e4 c5 2. Nf3 Nc6 3. d4 cxd4 4. Nxd4 e5 5. Nxc6 bxc6 6. Bc4 Nf6 7. Nc3 Bb4
8. O-O Bxc3 9. bxc3 Nxe4 10. Re1 d5 11. Ba3 Nxc3 12. Rxe5+ Be6 13. Qd4 Qa5
14. Bb2 Nb5 15. Bxb5 Qxb5 16. a4 Qb6 17. Qc3 O-O 18. a5 Qc7 19. Rg5 f6 20.
Rg3 c5 21. Ba3 Rac8 22. h4 Rfe8 23. Re1 d4 24. Qd2 Bf7 25. c3 dxc3 26. Qxc3
Rxe1+ 27. Qxe1 Qe5 28. Qxe5 fxe5 29. Bb2 c4 30. Bxe5 g6 31. h5 Rd8 32. hxg6
Bxg6 33. f4 Rd3 34. Rxd3 cxd3 35. Bc3 h5 36. Kf2 Bf5 37. g3 Kf7 38. Ke3 Ke6
39. Kd4 a6 40. Be1 Bg6 41. Bd2 Kf5 42. Kxd3 Kg4+ 43. Kd4 Kxg3 44. Ke5 Kf2
45. f5 Bf7 {White forfeits on time} 0-1

[Event "ICCopen2016"]
[Site "Internet Chess Club"]
[Date "2016.06.03"]
[Round "11"]
[White "YKQ"]
[Black "fviana"]
[Result "1/2-1/2"]
[ICCResult "Game drawn by repetition"]
[WhiteElo "2568"]
[BlackElo "2229"]
[Opening "English: symmetrical variation"]
[ECO "A30"]
[NIC "EO.64"]
[Time "20:59:28"]
[TimeControl "180+0"]

1. c4 c5 2. Nf3 g6 3. d4 cxd4 4. Nxd4 Bg7 5. e4 Nf6 6. Nc3 O-O 7. Be3 d6 8.
Be2 Nc6 9. O-O Bd7 10. Qd2 Nxd4 11. Bxd4 Bc6 12. f3 a5 13. b3 Nd7 14. Be3
Nc5 15. Rab1 Qb6 16. Rfc1 Rfc8 17. Kh1 Qb4 18. Bf1 a4 19. bxa4 Qa5 20. Nd5
Qxd2 21. Bxd2 Bxd5 22. cxd5 Rxa4 23. Rxb7 Rxa2 24. Be3 Bf6 25. Rb5 Ra1 26.
Rxa1 Bxa1 27. g4 Ra8 28. Bxc5 dxc5 29. Rxc5 Be5 30. Rc2 g5 31. Kg2 Ra1 32.
Bb5 Kg7 33. Bd7 Bf4 34. Bc6 Rb1 35. Re2 Be5 36. Ra2 f6 37. Rd2 Rb2 38. Rxb2
Bxb2 39. Kf2 Be5 40. h3 Bd6 41. Ke2 Kg6 42. Kd3 Kg7 43. Bd7 Be5 44. Kc4 Bd6
45. Kb5 Be5 46. Kc6 Bd6 47. Bf5 Kh6 48. Kd7 Kg7 49. Ke8 Bc5 50. Kd7 Bd6 51.
Ke6 h6 52. Kd7 Kg8 53. Ke6 Kg7 54. e5 fxe5 55. Be4 Kg8 56. Kd7 Kg7 57. Kc6
Kf6 58. Kb5 Ba3 59. Kc4 Bd6 60. Kd3 Ba3 61. Ke2 Bd6 62. Kf2 e6 63. Kg2 exd5
64. Bxd5 Bc5 65. Be4 Be3 66. Kg3 Bf4+ 67. Kg2 Kg7 68. Kf2 Kf6 69. Ke2 Kg7
70. Kd3 Kf6 71. Kc4 Kg7 72. Kd5 h5 73. gxh5 Kh6 74. Bg6 Bg3 75. Ke6 Bf4 76.
Kf7 Bg3 77. Kg8 Bf4 78. Kf7 Bg3 79. Kg8 Bf4 80. Bf5 Bg3 81. Bg4 Bf4 82. Kf7
Bg3 83. Ke6 Bf4 84. Kf5 Bg3 85. Ke4 Bf4 86. Kd3 Bg3 87. Ke4 Bf4 88. Kf5 Bg3
89. Ke4 Bf4 90. Kd5 Bg3 91. Ke6 Bf4 92. Kf5 Bg3 93. Ke6 Bf4 94. Kd5 Bg3 95.
Ke4 Bf4 96. Bf5 Bg3 97. Bg4 Bf4 98. Kd3 Kg7 99. Kc4 Kh6 100. Kd5 Kg7 101.
Ke6 Kh6 102. Kf5 Bg3 103. Ke4 Bf4 104. Kd3 Bg3 105. Ke4
{Game drawn by repetition}
1/2-1/2

[Event "ICCopen2016"]
[Site "Internet Chess Club"]
[Date "2016.06.03"]
[Round "11"]
[White "mathman"]
[Black "Alright2015"]
[Result "0-1"]
[ICCResult "White forfeits on time"]
[WhiteElo "2341"]
[BlackElo "2101"]
[Opening "Scandinavian (center counter) defense"]
[ECO "B01"]
[NIC "SD.01"]
[Time "20:59:17"]
[TimeControl "180+0"]

1. e4 d5 2. exd5 Qxd5 3. Nc3 Qa5 4. Rb1 c6 5. b4 Qc7 6. g3 Nf6 7. Bg2 Bf5 8.
Nge2 e6 9. a4 Bd6 10. b5 a6 11. O-O O-O 12. d3 Nbd7 13. bxc6 bxc6 14. h3 a5
15. Nd4 Bc5 16. Nxf5 exf5 17. Bf4 Bd6 18. Ne2 Nd5 19. Bxd5 cxd5 20. Bxd6
Qxd6 21. Nd4 g6 22. Qd2 Qc5 23. c3 Ne5 24. Rb5 Qxd4 25. cxd4 Nf3+ 26. Kg2
Nxd2 27. Rd1 Rab8 28. Rxd2 Rxb5 29. axb5 Rb8 30. Rb2 a4 31. Kf3 a3 32. Ra2
Rxb5 33. Rxa3 Kg7 34. Rc3 Rb4 35. Ke3 Kf6 36. Rc6+ Ke7 37. Rc8 Ra4 38. g4
fxg4 39. hxg4 Ra1 40. Rh8 Rh1 41. g5 Rh3+ 42. f3 Ke6 43. Kf4 Rh4+ 44. Ke3
Rh3 45. Re8+ Kd7 46. Re5 Kd6 47. Re8 h5 48. gxh6 Rxh6 49. Rd8+ Ke6 50. Ra8
Rh1 51. Ra6+ Ke7 52. Kf4 Rd1 53. Ke5 Rxd3 54. f4 Rf3 55. Ra7+ Ke8 56. Ra5
Re3+ 57. Kxd5 Ke7 58. Ra7+ Kf6 59. Kd6 Re4 60. d5 Rxf4 61. Kd7 Rd4 62. d6 g5
63. Ra6 Ke5 64. Ke7 f5 65. Ra5+ Ke4 66. d7 Rxd7+ 67. Kxd7 g4 68. Ke6 f4 69.
Ra4+ Ke3 70. Kf5 f3 71. Kxg4 f2 72. Ra3+ Ke4 73. Ra2 f1=Q
{White forfeits on time}
0-1

[Event "ICCopen2016"]
[Site "Internet Chess Club"]
[Date "2016.06.03"]
[Round "11"]
[White "rookfish"]
[Black "Taechess"]
[Result "1-0"]
[ICCResult "Black forfeits on time"]
[WhiteElo "1116"]
[BlackElo "1299"]
[Opening "French defense"]
[ECO "C00"]
[NIC "FR.01"]
[Time "20:59:34"]
[TimeControl "180+0"]

1. e4 e6 2. Nf3 d5 3. exd5 exd5 4. d4 Nf6 5. Bd3 Be7 6. O-O O-O 7. Nc3 Bg4
8. Ne2 Bxf3 9. gxf3 c5 10. f4 cxd4 11. Nxd4 Nc6 12. Nf3 Re8 13. Kh1 Bd6 14.
Ng5 h6 15. Nxf7 Kxf7 16. Rg1 Kg8 17. Bg6 Re6 18. f5 Re5 19. Bxh6 Qe7 20.
Bxg7 Re2 21. Bxf6 Qe4+ 22. Rg2 Rxf2 23. Qg1 Rxc2 24. Bh5+ Kf8 25. Re1 Qxg2+
26. Qxg2 Rxg2 27. Kxg2 Nb4 28. Re6 Bc5 29. Bh8 Nd3 30. Rf6+ Kg8 31. Rh6 Nf4+
32. Kf3 Nxh5 33. Rxh5 Rf8 34. Rg5+ Kxh8 35. Rh5+ Kg7 36. Kf4 Kf6 37. Rh6+
Kf7 38. Rh7+ Ke8 39. Ke5 Rf7 40. Rh8+ Ke7 41. Rc8 Bd6+ 42. Kd4 Bxh2 43. Rc7+
Ke8 44. Rxf7 Kxf7 45. Kxd5 Kf6 46. Kc5 Bf4 47. Kd4 Kxf5 48. Kc5 Be5 49. Kc4
Bxb2 50. Kb3 b6 51. Kb4 a5+ 52. Kb5 Ke5 53. Kxb6 Kd5 54. Kxa5
{Black forfeits on time}
1-0

[Event "ICCopen2016"]
[Site "Internet Chess Club"]
[Date "2016.06.03"]
[Round "11"]
[White "oskarito"]
[Black "AttackSparrow"]
[Result "0-1"]
[ICCResult "White forfeits on time"]
[WhiteElo "2472"]
[BlackElo "2333"]
[Opening "Sicilian defense"]
[ECO "B40"]
[NIC "SI.43"]
[Time "20:59:12"]
[TimeControl "180+0"]

1. e4 c5 2. Nf3 e6 3. g3 Nc6 4. Bg2 Nge7 5. O-O Ng6 6. d4 cxd4 7. Nxd4 h5 8.
Nc3 h4 9. Re1 hxg3 10. hxg3 Bc5 11. Nb3 Be7 12. a4 b6 13. Nd5 Bb7 14. a5
Nxa5 15. Nxa5 bxa5 16. Nxe7 Qxe7 17. Rxa5 Bc6 18. b3 Qb4 19. Bd2 Qb6 20. Qa1
f6 21. Be3 Qb4 22. Bc5 Qd2 23. c4 Kf7 24. Ra2 Qh6 25. Rxa7 Qh2+ 26. Kf1 Ne5
27. Rxa8 Rxa8 28. Qd4 Ra2 29. b4 Ba4 30. b5 Bc2 31. Re3 Bd3+ 32. Rxd3 Nxd3
33. Qxd7+ Kg6 34. Qe8+ Kh7 35. Bd4 Qh6 36. Bf3 Qc1+ 37. Kg2 Ne5 38. Qh5+ Qh6
39. Qxh6+ Kxh6 40. Bxe5 fxe5 41. c5 Rb2 42. b6 Kg5 43. Be2 Kf6 44. Ba6 Ke7
45. b7 Kd7 46. c6+ Kc7 47. b8=Q+ Kxb8 48. Bb7 Kc7 49. Kf3 Rxb7 50. Kg4 Kxc6
51. Kg5 Rf7 52. Kg6 Rxf2 53. Kg5 Rf3 54. Kg6 Re3 55. Kxg7 Rxe4 56. Kf6 Rg4
57. Kxe5 Rxg3 58. Kxe6 Rc3 59. Kf6 Rc5 60. Ke6 Rd5 61. Ke7 Rd6 62. Ke8 Rd7
63. Kf8 Rd6 64. Kg8 Rd5 65. Kh7 Rd4 66. Kg6 Rd3 67. Kh5 Rd2 68. Kg4 Rd1 69.
Kh3 Rc1 70. Kg2 Rc2+ 71. Kf3 Rc3+ 72. Kf4 Rc4+ {White forfeits on time} 0-1

[Event "ICCopen2016"]
[Site "Internet Chess Club"]
[Date "2016.06.03"]
[Round "11"]
[White "faust"]
[Black "Nedwis"]
[Result "1/2-1/2"]
[ICCResult "Game drawn because neither player has mating material"]
[WhiteElo "3174"]
[BlackElo "2937"]
[Opening "Petrov: modern attack, Symmetrical variation"]
[ECO "C43"]
[NIC "RG.02"]
[Time "20:59:01"]
[TimeControl "180+0"]

1. e4 e5 2. Nf3 Nf6 3. d4 Nxe4 4. dxe5 d5 5. Bd3 Be7 6. O-O Nc5 7. Be2 O-O
8. Be3 c6 9. c4 dxc4 10. Bxc4 Be6 11. Qxd8 Rxd8 12. Bxc5 Bxc5 13. Bxe6 fxe6
14. Nc3 h6 15. Ne4 Be7 16. Rfd1 Nd7 17. Rac1 Nb6 18. Nd4 Kf7 19. Rd3 Rd5 20.
Re1 Rxe5 21. Kf1 Rd8 22. Nf3 Red5 23. Rb3 Bf6 24. g3 Rd1 25. Ke2 Rxe1+ 26.
Nxe1 Rd5 27. Nd3 Bd4 28. Nf4 Rd8 29. Rf3 Bxb2 30. Nc5 Bf6 31. Nxb7 Rd4 32.
Nc5 e5 33. Nfe6 Rd6 34. Nc7 Ke7 35. Ra3 Rd2+ 36. Ke1 Rc2 37. Ne4 Rc1+ 38.
Ke2 Rc2+ 39. Kd3 Rc1 40. Rxa7 Rd1+ 41. Ke2 Rd7 42. Nc5 Nc8 43. Nxd7 Nxa7 44.
Nxf6 gxf6 45. Kd3 Kd7 46. Na6 Kd6 47. a4 Kd5 48. Nc7+ Kc5 49. Ne8 f5 50. Ng7
f4 51. g4 Kb4 52. Nf5 c5 53. Nxh6 Kb3 54. Nf7 c4+ 55. Ke4 Nc6 56. g5 c3 57.
g6 c2 58. Nxe5 Nxe5 59. g7 Ng4 60. g8=Q+ Kb2 61. Qb8+ Ka1 62. Qxf4 Nxf2+ 63.
Kd5 Nd3 64. Qd4+ Nb2 65. a5 c1=Q 66. a6 Qc8 67. Qb6 Qa8+ 68. Qb7 Qg8+ 69.
Kd6 Qf8+ 70. Kc7 Qf4+ 71. Kc8 Qf8+ 72. Kd7 Qf4 73. Ke8 Qe5+ 74. Kf7 Qxh2 75.
Kg6 Qg3+ 76. Kh5 Qf2 77. Kg5 Qe2 78. Kf6 Qc2 79. Ke7 Qc3 80. Kd8 Qa5+ 81.
Kc8 Qa3 82. Kb8 Na4 83. a7 Qf8+ 84. Qc8 Qc5 85. Qc7 Qb4+ 86. Qb7 Nb6 87. Qc8
Nxc8+ 88. Kxc8 Qc5+ 89. Kb8 Qb6+ 90. Ka8 Qxa7+ 91. Kxa7
{Game drawn because neither player has mating material}
1/2-1/2

[Event "ICCopen2016"]
[Site "Internet Chess Club"]
[Date "2016.06.03"]
[Round "11"]
[White "Ohanessian"]
[Black "Red-white"]
[Result "0-1"]
[ICCResult "White resigns"]
[WhiteElo "2207"]
[BlackElo "3056"]
[Opening "Sicilian defense"]
[ECO "B30"]
[NIC "SI.31"]
[Time "21:01:57"]
[TimeControl "180+0"]

1. e4 c5 2. Nf3 Nc6 3. Nc3 e6 4. g3 Nf6 5. Bg2 Be7 6. O-O O-O 7. d4 cxd4 8.
Nxd4 d6 9. h3 Bd7 10. Be3 a6 11. a4 Rc8 12. f4 Nxd4 13. Bxd4 Bc6 14. a5 Nd7
15. Qd2 Qc7 16. Rfe1 Rfd8 17. Qe2 Bf8 18. b4 Qb8 19. Rad1 e5 20. fxe5 Nxe5
21. Bxe5 dxe5 22. Nd5 Bxd5 23. exd5 Bxb4 24. Rf1 Bxa5 25. Rb1 b5 26. c4 b4
27. Qf2 Bb6 {White resigns} 0-1

[Event "ICCopen2016"]
[Site "Internet Chess Club"]
[Date "2016.06.03"]
[Round "11"]
[White "playbr"]
[Black "leonardoalmeida"]
[Result "0-1"]
[ICCResult "White forfeits on time"]
[WhiteElo "1713"]
[BlackElo "1866"]
[Opening "Scandinavian (center counter) defense"]
[ECO "B01"]
[NIC "VO.17"]
[Time "20:59:24"]
[TimeControl "180+0"]

1. e4 d5 2. exd5 Qxd5 3. d4 c6 4. c4 Qa5+ 5. Nc3 Bf5 6. Nf3 e6 7. Be2 Nf6 8.
O-O Nbd7 9. Qb3 Qc7 10. Re1 Be7 11. d5 O-O 12. Nd4 cxd5 13. Nxf5 exf5 14.
cxd5 a6 15. Be3 Bc5 16. Bxc5 Nxc5 17. Qc4 Qd6 18. Rad1 Rac8 19. Qd4 Rfe8 20.
Bf3 Ng4 21. Bxg4 fxg4 22. Qxg4 Rcd8 23. Qd4 h6 24. g3 b5 25. a3 g5 26. Re3
Rxe3 27. Qxe3 Rd7 28. Re1 Kg7 29. Qd4+ Kg6 30. Re8 f6 31. b4 Nb3 32. Qe4+
Kg7 33. Re6 Qc7 34. d6 Qxc3 35. Re7+ Rxe7 36. dxe7 Qc1+ 37. Kg2 Nd2 38. Qe2
Qc6+ 39. f3 Qe8 40. Qxd2 Qxe7 41. Qd3 Qe6 42. Qd2 Kg6 43. h3 Qf5 44. g4 Qe5
45. Qc2+ Kg7 46. Qd2 Kg6 47. Qd3+ Kf7 48. Qd2 Qe7 49. Qa2+ Qe6 50. Qxe6+
Kxe6 51. Kf2 Ke5 52. Ke3 f5 53. f4+ gxf4+ 54. Kf3 fxg4+ 55. hxg4 Kf6
{White forfeits on time}
0-1

[Event "ICCopen2016"]
[Site "Internet Chess Club"]
[Date "2016.06.03"]
[Round "11"]
[White "ROWLAND"]
[Black "BigSerge"]
[Result "1/2-1/2"]
[ICCResult "Black ran out of time and White has no material to mate"]
[WhiteElo "1567"]
[BlackElo "2007"]
[Opening "Scotch game"]
[ECO "C45"]
[NIC "SO.05"]
[Time "20:59:38"]
[TimeControl "180+0"]

1. e4 e5 2. Nf3 Nc6 3. d4 exd4 4. Nxd4 Bc5 5. Be3 Qf6 6. c3 Nge7 7. Bc4 Ne5
8. Bb3 Qg6 9. O-O d5 10. Bf4 Bg4 11. f3 Bh3 12. Bg3 dxe4 13. fxe4 Bg4 14.
Qe1 N7c6 15. Kh1 O-O 16. Nxc6 Nxc6 17. Bxc7 Rae8 18. Nd2 Re7 19. Bf4 Rfe8
20. Qg3 a6 21. Rae1 b5 22. h3 Be6 23. Qh4 Bxb3 24. axb3 Bd6 25. Bxd6 Qxd6
26. b4 Qxd2 27. Qh5 h6 28. Qc5 Ne5 29. Rd1 Qg5 30. Rd5 Re6 31. Qc7 Qg3 32.
Rxe5 Rxe5 33. Qxf7+ Kh8 34. Rf6 gxf6 35. Qxf6+ Qg7 36. Qxa6 Rg5 37. Qxb5
Rxg2 38. Qf1 Rxe4 39. Qxg2 Qxg2+ 40. Kxg2 Re2+ 41. Kg3 Rxb2 42. Kg4 Rc2 43.
Kh5 Rxc3 44. Kxh6 Rb3 45. Kg6 Rxb4 46. Kg5 Rb3 47. h4 Kh7 48. h5 Rb4 49. Kf5
Rb5+ 50. Kg4 Kh6 51. Kg3 Rb4 52. Kf3 Kxh5 53. Ke3 Kg5 54. Kd3
{Black ran out of time and White has no material to mate}
1/2-1/2

[Event "ICCopen2016"]
[Site "Internet Chess Club"]
[Date "2016.06.03"]
[Round "11"]
[White "olakenn"]
[Black "ShadowLike"]
[Result "1-0"]
[ICCResult "Black forfeits on time"]
[WhiteElo "1748"]
[BlackElo "1941"]
[Opening "Two knights defense"]
[ECO "C55"]
[NIC "IG.01"]
[Time "20:59:12"]
[TimeControl "180+0"]

1. e4 e5 2. Nf3 Nc6 3. Bc4 Nf6 4. O-O Bc5 5. c3 d6 6. d4 Bb6 7. dxe5 Nxe5 8.
Nxe5 dxe5 9. Qxd8+ Kxd8 10. Bxf7 Nxe4 11. Be3 Bxe3 12. fxe3 Rf8 13. Na3 Bg4
14. Bc4 Ke7 15. Rxf8 Rxf8 16. Rf1 Rxf1+ 17. Kxf1 Nd2+ 18. Kf2 Nxc4 19. Nxc4
Kf6 20. e4 Be6 21. Na5 b6 22. Nb3 a5 23. Nc1 Kg5 24. Ke3 Bc4 25. Nd3 Bxd3
26. Kxd3 Kf4 27. a4 c6 28. b3 b5 29. b4 bxa4 30. bxa5 a3 31. Kc2 a2 32. Kb2
Kxe4 33. a6 Kd3 34. a7 e4 35. a8=Q e3 36. Qa6+ Kd2 37. Qxc6 a1=Q+ 38. Kxa1
e2 39. Qe4 e1=Q+ 40. Qxe1+ Kxe1 41. c4 Kf2 42. c5 Kxg2 43. c6 Kxh2 44. c7 g5
45. c8=Q h5 46. Qf5 h4 47. Qxg5 h3 48. Qd2+ Kg1 49. Qe1+ Kg2 50. Qe2+ Kg1
51. Qg4+ Kh2 52. Qf3 Kg1 53. Qxh3 Kf2 54. Qd3 Kg2 55. Kb2
{Black forfeits on time}
1-0

[Event "ICCopen2016"]
[Site "Internet Chess Club"]
[Date "2016.06.03"]
[Round "11"]
[White "marabu"]
[Black "racko"]
[Result "1-0"]
[ICCResult "Black forfeits on time"]
[WhiteElo "2098"]
[BlackElo "1888"]
[Opening "Queen's Pawn"]
[ECO "A41"]
[NIC "QO.17"]
[Time "20:59:25"]
[TimeControl "180+0"]

1. d4 d6 2. Nf3 g6 3. Bf4 Bg7 4. e3 Nf6 5. h3 O-O 6. Bd3 c5 7. c3 Nc6 8. O-O
Nd5 9. Bh2 cxd4 10. exd4 Qb6 11. Qe2 Re8 12. Na3 e5 13. Nc4 Qd8 14. dxe5
dxe5 15. Be4 Nf4 16. Qc2 Be6 17. Ncxe5 Nxh3+ 18. gxh3 Nxe5 19. Nxe5 Bxh3 20.
Bg2 Bxg2 21. Kxg2 Bxe5 22. f4 Bc7 23. Rad1 Qh4 24. Rd7 Qg4+ 25. Kh1 Bb6 26.
Rd2 Qh3 27. Rg2 Re3 28. Qf2 Rae8 29. f5 Re2 30. Qf3 Qxf3 31. Rxf3 Re1+ 32.
Bg1 Ra1 33. fxg6 hxg6 34. Kh2 Bxg1+ 35. Rxg1 Rxa2 36. Rg2 Re1 37. Kg3 b5 38.
Kf4 Kg7 39. Rff2 f6 40. Kf3 a5 41. Rd2 f5 42. Rd6 Rf1+ 43. Ke3 f4+ 44. Ke4
f3 45. Rgxg6+ Kf7 46. Rdf6+ Ke7 47. Ra6 a4 48. Rg7+ Kf8 49. Rb7 Re1+ 50.
Kxf3 Re8 51. Rf6+ Kg8 52. Rg6+ Kf8 53. Kg4 Rxb2 54. Re6 a3 55. Rf6+ Kg8 56.
Rg6+ Kf8 57. Rxb5 {Black forfeits on time} 1-0

[Event "ICCopen2016"]
[Site "Internet Chess Club"]
[Date "2016.06.03"]
[Round "11"]
[White "blitzmaniac"]
[Black "Petergriffin"]
[Result "0-1"]
[ICCResult "White forfeits on time"]
[WhiteElo "2828"]
[BlackElo "2145"]
[Opening "Sicilian: Kan, 5.Nc3"]
[ECO "B43"]
[NIC "SI.41"]
[Time "20:59:12"]
[TimeControl "180+0"]

1. e4 c5 2. Nf3 e6 3. d4 cxd4 4. Nxd4 a6 5. Nc3 Qc7 6. Qf3 Nc6 7. Be3 Bb4 8.
Nxc6 dxc6 9. Bd4 e5 10. Qg3 f6 11. a3 Qa5 12. Qxg7 exd4 13. Qxh8 Bxc3+ 14.
Kd1 Be6 15. bxc3 Qxc3 16. Rb1 O-O-O 17. Qxh7 Rd7 18. Qg6 Ba2 19. Rc1 c5 20.
Qg3 d3 21. Bxd3 Ne7 22. Qe3 Nc6 23. Qd2 Qxa3 24. Ke1 c4 25. f3 cxd3 26. cxd3
Rxd3 27. Qf4 Qb2 28. g4 Rc3 29. Rxc3 Qxc3+ 30. Kf2 Qe5 31. Kg3 Qxf4+ 32.
Kxf4 b5 33. h4 b4 34. h5 b3 35. h6 b2 36. h7 Kb7 37. h8=Q Kb6 38. Qh7 b1=Q
39. Rxb1+ Bxb1 40. Qg7 Ne5 41. Qxf6+ Nc6 42. Qb2+ Kc5 43. Qxb1 Nd4 44. e5
Ne2+ 45. Ke3 Nc3 46. Qc2 Kb4 47. Kd4 Nb5+ 48. Kd5 Na3 49. Kd6 Nb5+ 50. Kd7
Nc3 51. Qe4+ Kb3 52. e6 Kb2 53. Qd5 Nb5 54. Qd4+ Ka3 55. e7 Kb3 56. Qc5 Ka2
57. Kc8 Nc3 58. Kb7 Nd5 59. Ka8 Nb4 60. Kb7 Nc6 {White forfeits on time} 0-1

[Event "ICCopen2016"]
[Site "Internet Chess Club"]
[Date "2016.06.03"]
[Round "11"]
[White "Kandor"]
[Black "senya"]
[Result "1/2-1/2"]
[ICCResult "Black ran out of time and White has no material to mate"]
[WhiteElo "1060"]
[BlackElo "1098"]
[Opening "Caro-Kann: closed (Breyer) variation"]
[ECO "B10"]
[NIC "CK.01"]
[Time "21:00:35"]
[TimeControl "180+0"]

1. e4 c6 2. d3 d5 3. Nd2 d4 4. g3 g6 5. Bg2 Bg7 6. Ngf3 e6 7. O-O Ne7 8. Qe2
O-O 9. c3 dxc3 10. bxc3 b6 11. h3 c5 12. Re1 Ba6 13. Nf1 Nec6 14. c4 Bxa1
15. Bg5 Bg7 16. Bxd8 Rxd8 17. Rd1 Nd7 18. Ne3 Nde5 19. a3 Rd7 20. Nxe5 Bxe5
21. f4 Bd4 22. e5 Rad8 23. Qf3 Ne7 24. Kh2 Nf5 25. Nxf5 exf5 26. Qc6 Be3 27.
Qa4 Bb7 28. Qxa7 Bxg2 29. Kxg2 Rxa7 30. Re1 Bd4 31. Kf3 Rxa3 32. Ke2 Ra1 33.
Rxa1 Bxa1 34. Kd2 g5 35. fxg5 Bxe5 36. Ke3 Rd4 37. g4 fxg4 38. hxg4 Rxg4 39.
Kf3 Rxg5 40. Ke4 f6 41. Kd5 Bc3+ 42. Kc6 Rg3 43. Kxb6 Rxd3 44. Kxc5 Rd4 45.
Kc6 Rxc4+ 46. Kd5 Rc7 47. Kd6 Rc8 48. Kd7 Rc4 49. Kd6 Kf7 50. Kd5 Rd4+ 51.
Kc5 h5 52. Kb5 h4 53. Kc5 h3 54. Kb5 h2 55. Kc5 h1=Q 56. Kb5 Qb1+ 57. Kc5
Qb4+ 58. Kc6 {Black ran out of time and White has no material to mate}
1/2-1/2